 Dungeon Crawl Stone Soup version 0.30-a0-122-g2a1322497e (webtiles) character file.

Game seed: 11002319373823791471

51 porpoise the Shooter (level 4, -2/27 HPs)
             Began as a Kobold Hexslinger on Sept 17, 2022.
             Frozen to death by an endoplasm (5 damage)
             ... on level 2 of the Dungeon.
             The game lasted 00:03:55 (1757 turns).

porpoise the Shooter (Kobold Hexslinger)            Turns: 1757, Time: 00:03:56

Health: -2/27      AC:  3    Str:  7    XL:     4   Next: 7%
Magic:  5/5        EV: 18    Int: 16    God:
Gold:   107        SH:  6    Dex: 15    Spells: 4/5 levels left

rFire   . . .      SeeInvis .    (weapon restricted)
rCold   . . .      Faith    .    l - +2 buckler
rNeg    . . .      Spirit   .    c - +0 robe
rPois   .          Reflect  .    (no helmet)
rElec   .          Harm     .    (no cloak)
rCorr   .          Rampage  .    e - +0 pair of gloves
Will    .....                    (no boots)
Stlth   +++.......               (no amulet)
HPRegen 0.09/turn                i - +4 ring of evasion
MPRegen 0.09/turn                (no ring)

@: mighty
A: small, no large weapons, nightstalker 3
a: no special abilities


You were on level 2 of the Dungeon.
You visited 1 branch of the dungeon, and saw 2 of its levels.

You collected 107 gold pieces.

Inventory:

Hand Weapons
 a - a +1 sling
Missiles
 g - 4 poisoned darts (quivered)
Armour
 c - a +0 robe (worn)
 e - a +0 pair of gloves (worn)
 l - a +2 buckler (worn)
Jewellery
 i - a +4 ring of evasion (left hand)
Scrolls
 b - a scroll of poison
 d - 4 scrolls of identify {unknown}
 f - a scroll of blinking {unknown}
 h - a scroll of enchant weapon {unknown}
 k - a scroll of amnesia {unknown}
 m - a scroll of summoning {unknown}


   Skills:
 + Level 2.3 Fighting
 + Level 3.8 Ranged Weapons
 - Level 2.4 Dodging
 + Level 2.6 Stealth
 - Level 1.1 Spellcasting
 - Level 3.0 Hexes


You had 4 spell levels left.
You knew the following spells:

 Your Spells              Type           Power      Damage    Failure   Level
a - Slow                  Hex            40%        N/A       11%         1

Your spell library contained the following spells:

 Spells                   Type           Power      Damage    Failure   Level
 Inner Flame              Hex/Fire       5%         N/A       50%         3
 Portal Projectile        Hex/Tloc       10%        N/A       50%         3
 Cause Fear               Hex            5%         N/A       71%         4


Dungeon Overview and Level Annotations

Branches:
Dungeon (2/15)

Altars:

Shops:
D:1 [


Innate Abilities, Weirdness & Mutations

You are small and have problems with some larger weapons.
You are completely attuned to the shadows.


Message History

The sling bullet closely misses the adder.
The sling bullet hits the goblin but does no damage.
The adder closely misses you. The hobgoblin closely misses you.
You block the endoplasm's attack. The kobold barely misses you.
Unknown command.
The hobgoblin attacks as you move away! The hobgoblin misses you.
The adder bites you.
* * * LOW HITPOINT WARNING * * *
The kobold closely misses you. The adder closely misses you.
The adder attacks as you move away! You block the adder's attack.
You block the kobold's attack. The hobgoblin attacks as you move away!
The hobgoblin barely misses you.
You see here a ball python corpse.
You see here a rat corpse.
The kobold attacks as you move away! The kobold barely misses you.
It was a potion of might.
You feel very mighty all of a sudden. The hobgoblin hits you.
* * * LOW HITPOINT WARNING * * *
You are now empty-handed.
You punch the hobgoblin!
You kill the hobgoblin!
You closely miss the adder.
The adder is severely wounded.
The adder bites you but does no damage. The adder bites you.
* * * LOW HITPOINT WARNING * * *
You closely miss the adder.
The adder is severely wounded.
You block the adder's attack.
You closely miss the adder.
The adder is severely wounded.
You block the adder's attack.
You punch the adder!
You kill the adder!
You have reached level 4!
You hit the endoplasm.
The endoplasm is almost dead.
The endoplasm freezes you.
You are frozen.
You die...

..# ..##†...# ..#
....##..## ..#
........# ###
........# ######
.#.....## .....#
....g.## ####.###
####K## #.....#
#J# #.#.#.#
#####@#
#.#[#†#####.....#
#.#.........#####
#.###>#######
#.###.# #.....#
#######


You could see an endoplasm, a goblin and a kobold.

Vanquished Creatures
  2 adders (D:2)
  A dart slug (D:2)
  2 endoplasms (D:1)
  2 giant cockroaches (D:2)
  4 hobgoblins
  A quokka (D:2)
  8 ball pythons
  3 bats
  3 goblins
  4 kobolds
  4 rats
34 creatures vanquished.

Notes
Turn   | Place    | Note
-------+----------+-------------------------------------------
     0 | D:1      | porpoise the Kobold Hexslinger began the quest for the Orb.
     0 | D:1      | Reached XP level 1. HP: 12/12 MP: 2/2
   239 | D:1      | Reached skill level 1 in Stealth
   263 | D:1      | Reached XP level 2. HP: 16/16 MP: 3/3
   297 | D:1      | Found Mohotomo's Armour Shoppe.
  1262 | D:2      | Reached XP level 3. HP: 21/21 MP: 4/4
  1757 | D:2      | Reached XP level 4. HP: 3/27 MP: 5/5
  1757 | D:2      | Frozen to death by an endoplasm

Illustrated notes

Levels and vault maps discovered:
D:1:      dpeg_arrival_ternary, layout_basic, serial_shops, shop,
          solitary_fountain, corexii_item_surrounded_by_moat
D:2:      layout_loops_cross, minmay_pentomino_r4

Skill      XL: |  1  2  3 |
---------------+----------+-----
Stealth        | 1 2 |  2.6
Ranged Weapons | 3 |  3.8
Fighting       | 2 |  2.3
Dodging        | |  2.4
Spellcasting   | |  1.1
Hexes          | |  3.0

Action                   |  1- 3 |  4- 6 || total
-------------------------+-------+-------++-------
Melee: Unarmed           |     8 |     1 ||     9
 Fire: Sling             |    83 |       ||    83
  Use: Potion            |     1 |       ||     1
Armor: Robe              |     7 |       ||     7
Dodge: Dodged            |    50 |       ||    50
Block: Buckler           |    10 |       ||    10

Table legend: (Time is in decaauts)
 A = Elapsed time spent in this place.
 B = Non-inter-level travel time spent in this place.
 C = Inter-level travel time spent in this place.
 D = Time resting spent in this place.
 E = Time spent auto-exploring this place.
 F = Levels seen in this place.
 G = Mean time per level.
                   A        B        C        D        E       F      G
               +--------+--------+--------+--------+--------+-----+--------+
         Total |   1775 |   1735 |     40 |    208 |   1311 |   2 |  887.5 |
       Dungeon |   1775 |   1735 |     40 |    208 |   1311 |   2 |  887.5 |
               +--------+--------+--------+--------+--------+-----+--------+

Top non-repeatable levels by time:
     D:1: 1133 daAuts
     D:2: 641 daAuts
